 Dungeon Crawl Stone Soup version 0.30-a0-557-ge2afbf3030 (webtiles) character file.

Game seed: 1630556720795213905

42 PimpSugar the Magician (level 3, -1/25 HPs)
             Began as a Demonspawn Hedge Wizard on Dec 27, 2022.
             Slain by a gnoll
             ... wielding a +0 whip
              (7 damage)
             ... on level 2 of the Dungeon.
             The game lasted 00:02:31 (1068 turns).

PimpSugar the Magician (Demonspawn Hedge Wizard)    Turns: 1068, Time: 00:02:32

Health: -1/25      AC:  2    Str: 10    XL:     3   Next: 33%
Magic:  1/7        EV: 12    Int: 17    God:
Gold:   35         SH:  0    Dex: 12    Spells: 5/8 levels left

rFire   . . .      SeeInvis .    a - +0 dagger
rCold   . . .      Faith    .    (no shield)
rNeg    . . .      Spirit   .    b - +0 robe
rPois   .          Reflect  .    c - +0 hat
rElec   .          Harm     .    (no cloak)
rCorr   .          Rampage  .    (no gloves)
Will    .....                    (no boots)
Stlth   ++                       (no amulet)
HPRegen 0.24/turn                (no ring)
MPRegen 0.20/turn                (no ring)

@: no status effects
A: spiny 1, magic regeneration
a: no special abilities


You were on level 2 of the Dungeon.
You visited 1 branch of the dungeon, and saw 2 of its levels.

You collected 35 gold pieces.

Inventory:

Hand Weapons
 a - a +0 dagger (weapon)
Missiles
 f - 14 stones
 k - 2 poisoned darts (quivered)
Armour
 b - a +0 robe (worn)
 c - a +0 hat (worn)
 g - a +0 leather armour
Scrolls
 l - a scroll of magic mapping {unknown}
Potions
 d - a potion of magic
 e - 3 potions of curing {unknown}
 h - a potion of degeneration {unknown}
 i - a potion of mutation {unknown}
 j - a potion of heal wounds {unknown}


   Skills:
 + Level 0.6 Fighting
 - Level 1.7 Dodging
 + Level 2.1 Stealth
 * Level 3.3 Spellcasting
 * Level 1.9 Conjurations
 + Level 1.3 Summonings
 + Level 1.2 Translocations


You had 5 spell levels left.
You knew the following spells:

 Your Spells              Type           Power      Damage    Failure   Level
a - Magic Dart            Conj           36%        1d4       8%          1
b - Call Imp              Summ           7%         N/A       14%         2

Your spell library contained the following spells:

 Spells                   Type           Power      Damage    Failure   Level
 Blink                    Tloc           12%        N/A       16%         2
 Slow                     Hex            8%         N/A       17%         1
 Cigotuvi's Dreadful Rot  Necr/Pois/Air  4%         N/A       26%         2
 Mephitic Cloud           Conj/Pois/Air  5%         N/A       36%         3


Dungeon Overview and Level Annotations

Branches:
Dungeon (2/15)

Altars:


Innate Abilities, Weirdness & Mutations

You are partially covered in sharp spines.
You regenerate magic rapidly.


Message History

The gnoll closely misses your shadow imp.
Your shadow imp hits the gnoll.
The gnoll hits your shadow imp with a +0 whip.
Your shadow imp dies!
Your shadow imp disappears in a puff of smoke!
The gnoll shouts!
Unknown command.
Casting: Magic Dart (safe; 9% risk of failure)
Confirm with . or Enter, or press ? or * to list all spells.
Aiming: Magic Dart (safe; 9% risk of failure)
Press: ? - help, Shift-Dir - straight line, f/p - gnoll
Aim: a gnoll, wielding a +0 spear (severely wounded, 100% to hit)
The magic dart hits the gnoll.
The gnoll is almost dead.
The gnoll is struck by your spines.
You kill the gnoll!
Casting: Magic Dart (safe; 8% risk of failure)
Confirm with . or Enter, or press ? or * to list all spells.
Aiming: Magic Dart (safe; 8% risk of failure)
Press: ? - help, Shift-Dir - straight line, f - gnoll
Aim: a gnoll, wielding a +0 whip (100% to hit)
The magic dart hits the gnoll.
The gnoll is lightly wounded.
The gnoll is struck by your spines. The gnoll barely misses you.
Your magical contamination has completely faded away.
Unknown command.
Casting: Magic Dart (safe; 8% risk of failure)
Confirm with . or Enter, or press ? or * to list all spells.
You don't know that spell.
The gnoll attacks as you move away! The gnoll is struck by your spines.
The gnoll completely misses you. The gnoll attacks as you move away!
The gnoll hits you with a +0 flail. The gnoll hits you with a +0 whip.
The gnoll attacks as you move away! The gnoll is struck by your spines.
The gnoll hits you with a +0 whip.
* * * LOW HITPOINT WARNING * * *
The gnoll attacks as you move away! The gnoll is struck by your spines.
The gnoll misses you. The gnoll attacks as you move away!
The gnoll hits you with a +0 whip!
You die...

#..###
#....#
#.... #..#
.. ##).#
...##+##..#
#........##
#......gg#
#####...@#
####.# #)#
# #.###.#
#.....#
#..####
#..# #.#
#..#
#.#####..#


You could see 2 gnolls.

Vanquished Creatures
  A gnoll (D:2)
  A dart slug (D:1)
  2 ball pythons (D:1)
  A giant cockroach (D:1)
  2 goblins (D:1)
  2 hobgoblins (D:1)
  A quokka (D:1)
  3 bats
  2 frilled lizards (D:1)
  2 rats (D:1)
17 creatures vanquished.

Vanquished Creatures (collateral kills)
  A gnoll (D:2)
  An endoplasm (D:2)
  A frilled lizard (D:1)
3 creatures vanquished.

Grand Total: 20 creatures vanquished

Notes
Turn   | Place    | Note
-------+----------+-------------------------------------------
     0 | D:1      | PimpSugar the Demonspawn Hedge Wizard began the quest for
                  | the Orb.
     0 | D:1      | Reached XP level 1. HP: 13/13 MP: 4/4
   131 | D:1      | Reached skill level 1 in Translocations
   220 | D:1      | Gained mutation: You regenerate magic rapidly. [demonic
                  | ancestry]
   220 | D:1      | Reached XP level 2. HP: 18/19 MP: 6/6
   253 | D:1      | Learned a level 2 spell: Call Imp
  1021 | D:2      | Gained mutation: You are partially covered in sharp spines.
                  | [demonic ancestry]
  1021 | D:2      | Reached XP level 3. HP: 25/25 MP: 2/7
  1068 | D:2      | Slain by a gnoll

Illustrated notes

Levels and vault maps discovered:
D:1:      dpeg_arrival_round_a, layout_basic
D:2:      layout_loops_ring, kennysheep_decorative_pillar, minmay_liquid_box,
          kennysheep_jessica_study, uniq_terence, uniq_jessica

Skill      XL: |  1  2 |
---------------+-------+-----
Translocations | 1 |  1.2
Stealth        | 2 |  2.1
Fighting       | |  0.6
Dodging        | |  1.7
Spellcasting   | |  3.3
Conjurations   | |  1.9
Summonings     | |  1.3

Action                   || total
-------------------------++-------
Melee: Dagger            ||    34
       Punch             ||     1
Throw: Dart              ||     1
 Cast: Magic Dart        ||    21
       Call Imp          ||     8
Armor: Robe              ||     5
Dodge: Dodged            ||    28

Table legend: (Time is in decaauts)
 A = Elapsed time spent in this place.
 B = Non-inter-level travel time spent in this place.
 C = Inter-level travel time spent in this place.
 D = Time resting spent in this place.
 E = Time spent auto-exploring this place.
 F = Levels seen in this place.
 G = Mean time per level.
                   A        B        C        D        E       F      G
               +--------+--------+--------+--------+--------+-----+--------+
         Total |   1067 |   1044 |     23 |      0 |    782 |   2 |  533.5 |
       Dungeon |   1067 |   1044 |     23 |      0 |    782 |   2 |  533.5 |
               +--------+--------+--------+--------+--------+-----+--------+

Top non-repeatable levels by time:
     D:1: 907 daAuts
     D:2: 160 daAuts
